 Dungeon Crawl Stone Soup version 0.21-a0-1-gaf3b9a5 (webtiles) character file.

13909 nikopol the Cleaver (level 12, -1/115 HPs)
             Began as a Gargoyle Berserker on May 20, 2017.
             Was a High Priest of Trog.
             Slain by a death yak (7 damage)
             ... on level 11 of the Dungeon.
             The game lasted 00:21:05 (9642 turns).

nikopol the Cleaver (Gargoyle Berserker)            Turns: 9642, Time: 00:21:06

Health: -1/115     AC: 34    Str: 41    XL:     12   Next: 11%
Magic:  12/12      EV: 10    Int:  8    God:    Trog [*****.]
Gold:   519        SH: 13    Dex:  9    Spells: 11/11 levels left

rFire    + . .     SeeInvis .   a - +1 war axe "Hyufunk" {chop, rF+ Str+4}
rCold    . . .     Gourm    .   J - +0 shield
rNeg     + . .     Faith    .   M - +6 plate armour of the Five Scars {Str+10 Dex-4 Stlth+}
rPois    ∞         Spirit   .   (no helmet)
rElec    +         Reflect  .   q - +1 cloak
rCorr    .         Harm     .   k - +2 pair of gloves
MR       ++...                  (no boots)
Stlth    ..........             (no amulet)
Regen    0.3/turn               p - ring of protection from magic
MPRegen  0.2/turn               f - ring of protection from magic

@: berserking, very quick
A: negative energy resistance 1, electricity resistance, unbreathing,
petrification resistance, rot immunity, AC +8
a: Berserk, Trog's Hand, Brothers in Arms, Burn Spellbooks, Renounce Religion


You were on level 11 of the Dungeon.
You worshipped Trog.
Trog was extremely pleased with you.
You were very hungry.

You visited 1 branch of the dungeon, and saw 11 of its levels.
You also visited: Ossuary.

You collected 645 gold pieces.
You spent 126 gold pieces at shops.

Inventory:

Hand Weapons
 a - the +1 war axe "Hyufunk" (weapon) {chop, rF+ Str+4}
   (You found it on level 5 of the Dungeon)

   It inflicts extra damage upon your enemies.
   It affects your strength (+4).
   It protects you from fire.
 g - a +3 flail
 I - a +1 broad axe of electrocution
Armour
 h - a +0 ring mail of fire resistance
 k - a +2 pair of gloves (worn)
 q - a +1 cloak (worn)
 J - a +0 shield (worn)
 M - the +6 plate armour of the Five Scars (worn) {Str+10 Dex-4 Stlth+}
   (You found it on level 6 of the Dungeon)

   It affects your strength (+10).
   It affects your dexterity (-4).
   It makes you more stealthy.
Jewellery
 f - a ring of protection from magic (right hand)
 p - a ring of protection from magic (left hand)
Wands
 y - a wand of paralysis (22/24)
 A - a wand of confusion (24/48)
 K - a wand of confusion (28/48)
Scrolls
 b - a scroll of blinking
 d - a scroll of enchant weapon
 l - 4 scrolls of teleportation
 o - 3 scrolls of identify
 s - 3 scrolls of noise {unknown}
 t - 8 scrolls of remove curse
 u - a scroll of enchant armour
 C - a scroll of recharging
 D - 2 scrolls of fear {unknown}
 L - a scroll of silence {unknown}
 N - a scroll of magic mapping
Potions
 e - a potion of invisibility {unknown}
 i - 3 potions of haste {unknown}
 m - 12 potions of curing
 n - 3 potions of heal wounds {unknown}
 v - 2 potions of mutation {unknown}
 w - a potion of resistance {unknown}
 x - 3 potions of brilliance {unknown}
 z - 3 potions of might
 B - a potion of magic {unknown}
 E - 5 potions of lignification {unknown}
 F - a potion of flight {unknown}
 G - a potion of cancellation {unknown}
 H - 2 potions of berserk rage {unknown}
Comestibles
 c - 9 bread rations
 j - 12 royal jellies
 r - 4 meat rations


   Skills:
 + Level 9.7 Fighting
 * Level 9.8 Axes
 + Level 9.4 Armour
 + Level 7.0 Dodging
 * Level 8.7 Shields


You had 11 spell levels left.
You didn't know any spells.

Dungeon Overview and Level Annotations

Branches:
Dungeon (11/15)            Temple (0/1) D:7             Orc (0/2) D:11
   Lair: D:8-11

Altars:
Kikubaaqudgha
Makhleb
Ru
Sif Muna
Yredelemnul
The Shining One

Shops:
D:8 [


Innate Abilities, Weirdness & Mutations

You are resistant to torment.
Your stone body is resilient. (AC +8)
You are immune to poison.
You resist negative energy. (rN+)
You are resistant to electric shocks. (rElec)
You can survive without breathing.
You are immune to petrification.
You are immune to rotting.


Message History

You slash the death yak!
The death yak is almost dead.
You slash the yak! x2
You kill the yak!
Trog accepts your kill.
You slice the death yak!!
You kill the death yak!
Trog accepts your kill.
You hit the death yak.
You slash the death yak! x2; The orc misses you.
The death yak gores you but does no damage.
You barely miss the death yak.
The death yak is almost dead.
You hit the death yak but do no damage.
Your plate armour of the Five Scars prevents you from hitting the death yak.
You barely miss the death yak. You hit the wraith but do no damage.
Your shield and plate armour of the Five Scars prevent you from hitting the yak.
The death yak gores you but does no damage.
The death yak barely misses you. You block the yak's attack.
The death yak gores you!
You die...

#........≈≈≈
#..).....≈≈≈
#........≈≈≈ .
#.........≈≈ ..
#.........≈≈
##.##########.........≈≈
......Y...............≈≈
.....oYWl.............≈≈
......Y@..............≈≈
......YYY.[.>...÷.....≈≈
.........)............≈≈
...##########.........≈≈
.. #........?≈≈ .
#.........≈≈
#........≈≈≈
#........≈≈≈
#........≈≈≈


You could see 4 death yaks, 2 yaks, a basilisk, a wraith and an orc.

Vanquished Creatures
  Erolcha (D:11)
  3 two-headed ogres
  3 death yaks (D:11)
  2 centaur skeletons (D:10)
  A gargoyle (D:10)
  2 kobold demonologists (D:11)
  A hornet (D:10)
  3 hippogriffs
  The ghost of Dominolapin the Geomancer, an amateur GrEE (D:4)
  A wyvern (D:10)
  A yak (D:11)
  A vampire (D:9)
  2 hungry ghosts
  A basilisk (D:11)
  3 water moccasins
  7 ice beasts
  A black bear (D:8)
  9 ogres
  2 orc warriors
  3 centaurs
  A crocodile (D:10)
  2 big kobolds
  5 elf zombies (Ossuary)
  A gnoll sergeant (D:9)
  8 bullfrogs
  A wyvern zombie (D:9)
  A scorpion (D:4)
  2 wyvern skeletons
  15 killer bees
  4 wights (D:10)
  3 crimson imps
  2 howler monkeys
  A bullfrog zombie (D:7)
  5 jellies
  A quasit (D:5)
  4 centaur zombies
  6 hounds
  4 human zombies (Ossuary)
  6 orc priests
  Crazy Yiuf (D:2)
  6 orc wizards
  6 iguanas
  11 worker ants
  A hound zombie (D:10)
  3 mummies (Ossuary)
  2 worker ant zombies
  13 adders
  5 gnolls
  7 shadow imps
  5 oozes (D:8)
  3 adder skeletons
  3 worms
  2 dart slugs
  3 leopard geckos
  31 orcs
  A ball python (D:3)
  3 giant cockroaches
  8 goblins
  9 hobgoblins
  6 quokkas
  7 bats
  2 frilled lizards
  17 kobolds
  A leopard gecko zombie (D:7)
  2 quokka skeletons
  10 rats
288 creatures vanquished.

Notes
Turn   | Place    | Note
-------+----------+-------------------------------------------
     0 | D:1      | nikopol the Gargoyle Berserker began the quest for the Orb.
     0 | D:1      | Reached XP level 1. HP: 14/14 MP: 1/1
    31 | D:1      | Reached XP level 2. HP: 4/19 MP: 2/2
   423 | D:1      | Reached XP level 3. HP: 23/23 MP: 3/3
   684 | D:1      | Reached ** piety under Trog
   957 | D:2      | Found a runed door.
   961 | D:2      | Noticed Crazy Yiuf
   966 | D:2      | Killed Crazy Yiuf
   966 | D:2      | Reached XP level 4. HP: 29/29 MP: 4/4
  1209 | D:2      | Reached XP level 5. HP: 33/33 MP: 5/5
  2142 | D:4      | Reached *** piety under Trog
  2195 | D:4      | Noticed Dominolapin's ghost (amateur GrEE)
  2232 | D:4      | Killed Dominolapin's ghost
  2232 | D:4      | Reached XP level 6. HP: 19/39 MP: 6/6
  2434 | D:4      | Reached XP level 7. HP: 34/44 MP: 7/7
  2457 | D:4      | Reached skill level 5 in Fighting
  3033 | D:4      | Reached skill level 5 in Armour
  3467 | D:4      | Found a sacrificial altar of Ru.
  3578 | D:5      | Entered Level 5 of the Dungeon
  3617 | D:5      | Found a sand-covered staircase.
  3626 | Ossuary  | Entered an ossuary
  3642 | Ossuary  | Reached skill level 5 in Axes
  3642 | Ossuary  | Reached XP level 8. HP: 46/50 MP: 8/8
  4256 | D:5      | Got a pitted war axe
  4258 | D:5      | Identified the +1 war axe "Hyufunk" {chop, rF+ Str+4} (You found it on level 5 of the Dungeon)
  4768 | D:5      | Reached XP level 9. HP: 49/56 MP: 9/9
  4903 | D:6      | Reached **** piety under Trog
  4914 | D:6      | Reached skill level 5 in Dodging
  5110 | D:6      | Got a crude plate armour
  5121 | D:6      | Identified the +6 plate armour of the Five Scars {Str+10 Dex-4 Stlth+} (You found it on level 6 of the Dungeon)
  5353 | D:6      | Found a basalt altar of Yredelemnul.
  5365 | D:6      | Found a burning altar of Makhleb.
  5693 | D:7      | Reached skill level 1 in Shields
  5698 | D:7      | Found a staircase to the Ecumenical Temple.
  6061 | D:7      | Reached XP level 10. HP: 62/64 MP: 10/10
  6836 | D:8      | Reached ***** piety under Trog
  7039 | D:8      | Found Itiofef's Armour Shop.
  7047 | D:8      | Bought a +1 cloak for 126 gold pieces
  7570 | D:9      | Found a glowing golden altar of the Shining One.
  7570 | D:9      | Found an ancient bone altar of Kikubaaqudgha.
  7580 | D:9      | Reached skill level 5 in Shields
  7607 | D:9      | Found a faded altar of an unknown god.
  7609 | D:9      | Found a deep blue altar of Sif Muna.
  7611 | D:9      | Found a faded altar of an unknown god.
  8124 | D:10     | Entered Level 10 of the Dungeon
  8126 | D:10     | Noticed a two-headed ogre
  8138 | D:10     | Killed a two-headed ogre
  8281 | D:10     | Reached XP level 11. HP: 67/69 MP: 11/11
  8556 | D:10     | Received a gift from Trog
  8572 | D:10     | Noticed a two-headed ogre
  8581 | D:10     | Killed a two-headed ogre
  9187 | D:11     | Noticed a two-headed ogre
  9202 | D:11     | Killed a two-headed ogre
  9299 | D:11     | Found a staircase to the Orcish Mines.
  9369 | D:11     | Noticed a sun demon
  9369 | D:11     | Noticed a soul eater
  9597 | D:11     | Noticed Erolcha
  9598 | D:11     | Noticed a death yak
  9612 | D:11     | Killed Erolcha
  9621 | D:11     | Noticed a death yak
  9622 | D:11     | Noticed a death yak
  9626 | D:11     | Noticed a death yak
  9627 | D:11     | Noticed a death yak
  9628 | D:11     | Killed a death yak
  9629 | D:11     | Noticed a death yak
  9632 | D:11     | Noticed a death yak
  9638 | D:11     | Killed a death yak
  9638 | D:11     | Reached XP level 12. HP: 22/76 MP: 12/12
  9641 | D:11     | Killed a death yak
  9642 | D:11     | Slain by a death yak

Vault maps used:
D:1:      dpeg_arrival_ratfight, minivault_11
D:2:      uniq_crazy_yiuf_cottage
D:4:      kennysheep_little_box
D:5:      enter_ossuary_1, first_bread, serial_bayou_pond_e
D:6:      amethyst_overflow_temple_binary, abandoned_shop
D:7:      minmay_temple_entry_purple_smoke, minmay_stone_trees_large
D:8:      serial_shops, shop, hangedman_little_slice_of_home
D:9:      chequers_temple_overflow_minitemple
D:11:     minmay_twisted_water, dpeg_lair_monsters, nicolae_ru_awakened_eye,
          uniq_erolcha
Ossuary:  ossuary_minmay_four_chambers

Skill      XL: |  1  2  3  4  5  6  7  8  9 10 11 12 |
---------------+-------------------------------------+-----
Axes           | 3 4 5 6 7 8 9 |  9.8
Armour         | 3 4 5 6 7 8 9 |  9.4
Fighting       | 4 5 6 7 8 9 |  9.7
Dodging        | 2 3 4 5 6 7 |  7.0
Shields        | 3 6 8 |  8.7

Action                   |  1- 3 |  4- 6 |  7- 9 | 10-12 || total
-------------------------+-------+-------+-------+-------++-------
Melee: Hand axe          |    83 |   206 |    42 |       ||   331
       War axe           |       |       |   437 |   446 ||   883
Invok: Berserk           |     2 |     1 |     1 |     4 ||     8
  Use: Scroll            |       |       |    14 |     1 ||    15
  Eat: Chunk             |     1 |     7 |    12 |    13 ||    33
       Royal jelly       |       |       |     1 |       ||     1
       Meat ration       |       |       |       |     1 ||     1
Armor: Animal skin       |     7 |       |       |       ||     7
       Ring mail         |    36 |   111 |   163 |       ||   310
       Plate armour      |       |       |    77 |   338 ||   415
Dodge: Dodged            |    60 |   113 |   217 |   209 ||   599
Block: Shield            |       |       |    87 |   332 ||   419
